 Dungeon Crawl Stone Soup version 0.28-a0-823-gb444dcf96d (console) character file.

Game seed: 13899995578481566846

171 petzl the Vexing (level 5, 0/35 HPs)
             Began as an Octopode Arcane Marksman on Nov 9, 2021.
             Killed from afar by Sigmund (6 damage)
             ... with a magic dart
             ... on level 3 of the Dungeon.
             The game lasted 00:10:52 (3765 turns).

petzl the Vexing (Octopode Arcane Marksman)         Turns: 3765, Time: 00:10:52

Health: 0/35       AC:  1    Str:  9    XL:     5   Next: 51%
Magic:  8/8        EV: 13    Int: 16    God:
Gold:   160        SH:  0    Dex: 13    Spells: 7/8 levels left

rFire   . . .      SeeInvis .   a - +0 hand crossbow
rCold   . . .      Faith    .   (no shield)
rNeg    . . .      Spirit   .   (helmet restricted)
rPois   .          Reflect  .   (no amulet)
rElec   .          Harm     .   (no ring)
rCorr   .          Rampage  .   (no ring)
Will    .....                   (no ring)
Stlth   +++.......              (no ring)
HPRegen 0.11/turn               (no ring)
MPRegen 0.11/turn               (no ring)
                                (no ring)
                                (no ring)

@: mighty, brilliant, on berserk cooldown, flying, very slightly contaminated,
slowed, invisible, very slow
A: almost no armour, amphibious, 8 rings, camouflage 1, gelatinous body 1,
(nimble swimmer 1), tentacles
a: no special abilities


You were on level 3 of the Dungeon.
You visited 1 branch of the dungeon, and saw 4 of its levels.

You collected 160 gold pieces.

Inventory:

Hand Weapons
 a - a +0 hand crossbow (weapon)
 b - a +0 short sword
Missiles
 c - 7 bolts (quivered ammo)
 g - 23 poisoned darts
 i - 6 javelins
Armour
 f - a +0 kite shield
Wands
 o - a wand of mindburst (13)
Scrolls
 m - a scroll of vulnerability
Potions
 h - a potion of flight
 k - 2 potions of brilliance


   Skills:
 + Level 2.4 Fighting
 - Level 3.0 Crossbows
 + Level 2.9 Dodging
 + Level 3.0 Stealth
 + Level 0.1 Shields
 * Level 2.2 Spellcasting
 - Level 3.0 Hexes


You had 7 spell levels left.
You knew the following spells:

 Your Spells              Type           Power      Damage    Failure   Level
a - Slow                  Hex            68%        N/A       6%          1

Your spell library contained the following spells:

 Spells                   Type           Power      Damage    Failure   Level
 Sting                    Tmut/Pois      8%         1d3       21%         1
 Poisonous Vapours        Pois/Air       4%         N/A       30%         2
 Inner Flame              Hex/Fire       9%         N/A       32%         3
 Portal Projectile        Hex/Tloc       18%        N/A       32%         3
 Cause Fear               Hex            8%         N/A       52%         4
 Olgreb's Toxic Radiance  Pois           2%         N/A       90%         4


Dungeon Overview and Level Annotations

Branches:
Dungeon (4/15)
 Temple: D:4-7

Altars:
Hepliaklqana

Annotations:
D:2 exclusion: downstairs
D:3 exclusion: 2 downstairs, Sigmund


Innate Abilities, Weirdness & Mutations

You cannot wear most types of armour.
You are amphibious.
You can wear up to eight rings at the same time.
Your skin changes colour to match your surroundings (Stealth+).
Your rubbery body absorbs attacks. (AC +1, EV +1)
((You are camouflaged near water. (Stealth+)))
You have tentacles for arms and can constrict up to eight enemies at once.


Message History

Sigmund closely misses you.
You bump into the rock wall.
Sigmund misses you.
You bump into the crystal wall.
Sigmund hits you with a +0 scythe.
You bump into the crystal wall.
You feel less confused.
It was a potion of brilliance.
You feel clever all of a sudden. Sigmund hits you with a +0 scythe!
It was a potion of flight.
You feel very buoyant.
You fly up into the air.
Sigmund barely misses you.
It was a potion of might.
You feel very mighty all of a sudden. Sigmund casts a spell at you.
The magic dart hits you!
Sigmund points at you and mumbles some strange words.
You are confused.
It was a potion of berserk rage.
A red film seems to cover your vision as you go berserk!
You feel yourself moving faster!
You feel mighty!
You are too berserk!
You feel a strong urge to attack something.
You bump into the rock wall.
You feel your anger nearly subside.
You are no longer berserk.
You are exhausted.
You feel yourself slow down. Sigmund barely misses you.
You bump into the rock wall.
You feel less confused. Sigmund hits you with a +0 scythe!
* * * LOW HITPOINT WARNING * * *
Okay, then.
It was a potion of invisibility.
You fade into invisibility!
Sigmund misses you.
You are very lightly contaminated with residual magic.
Sigmund casts a spell at something.
The magic dart hits you.
You die...

.# .# ### .. ##_## ##.
##.#.## #.. #.#...# #.#
#..รท#.# #.#
##.#..###########.#
########..##........[..##
#....##..#.#.......##....
#.####..#..#.......##.###
#.####.#...#........#.# #
#.##.##..###........#.# #
#.#..@##.# .........#.#
#...)..#.# #..........#
#......@.# #########.####
##.....######### #.....
##...## #.....# #..###
##.## #.....#####..# #.#
#.........#..# .
##.#####.....###.#..# .
#............# #.#..##.
#..####......# #.#.....
#.@####.####.# #.....).
#....##.####.# ###.###.
#.##.##.#....# #.# #
#.......#.#..#####.# #
####.##.@#....@..((####
#...#.###..######.."(
#.#..## ##.# #..@.
#...#.###.## #....
######.#.## #....


You could see Sigmund.

Vanquished Creatures
  An ogre (D:2)
  A gnoll (D:2)
  3 worms
  2 dart slugs
  2 orcs (D:3)
  5 endoplasms
  2 giant cockroaches
  7 hobgoblins
  3 jackals (D:1)
  A quokka (D:3)
  9 ball pythons
  4 bats
  4 frilled lizards
  7 goblins
  5 kobolds
  7 rats
63 creatures vanquished.

Notes
Turn   | Place    | Note
-------+----------+-------------------------------------------
     0 | D:1      | petzl the Octopode Arcane Marksman began the quest for the
                  | Orb.
     0 | D:1      | Reached XP level 1. HP: 13/13 MP: 2/2
   135 | D:1      | Reached XP level 2. HP: 18/18 MP: 3/3
   306 | D:1      | Reached skill level 1 in Stealth
   667 | D:1      | Reached XP level 3. HP: 23/23 MP: 5/5
  1977 | D:2      | Reached XP level 4. HP: 22/29 MP: 6/6
  2339 | D:2      | Noticed an ogre
  2430 | D:2      | Killed an ogre
  2431 | D:2      | Reached XP level 5. HP: 34/34 MP: 5/8
  2825 | D:3      | Noticed Sigmund
  3084 | D:4      | Noticed an ogre
  3563 | D:3      | Found a hazy altar of Hepliaklqana.
  3765 | D:3      | Killed from afar by Sigmund

Illustrated notes

Levels and vault maps discovered:
D:1:      grunt_arrival_lava_bath, layout_basic, serial_curves, eino_curves_03,
          eino_curves_03, minmay_cupped
D:2:      layout_basic, minmay_pentomino_pile
D:3:      layout_loops_cross, marbit_many_paths, columned_hall_lemuel,
          uniq_sigmund
D:4:      layout_layer_cave, lemuel_crystal_altar, slow_altar_2,
          amethyst_overflow_temple_binary, grunt_temple_overflow_diamond,
          uniq_eustachio, uniq_robin

Skill      XL: |  1  2  3  4  5 |
---------------+----------------+-----
Stealth        | 1 2 3 |  3.0
Fighting       | 2 |  2.4
Spellcasting   | 2 |  2.2
Crossbows      | 3 |  3.0
Dodging        | |  2.9
Shields        | |  0.1
Hexes          | |  3.0

Action                   |  1- 3 |  4- 6 || total
-------------------------+-------+-------++-------
Melee: Hand axe          |    16 |       ||    16
       Constrict         |     4 |    13 ||    17
       Tentacles         |     4 |     5 ||     9
       Short sword       |       |    50 ||    50
 Fire: Hand crossbow     |    69 |    14 ||    83
Throw: Dart              |       |     8 ||     8
 Cast: Slow              |     6 |     3 ||     9
  Use: Potion            |       |     5 ||     5
       Scroll            |       |     3 ||     3
 Stab: Sleeping          |     1 |     6 ||     7
       Distracted        |     1 |       ||     1
Armor: Skin              |     4 |     2 ||     6
Dodge: Dodged            |    20 |    43 ||    63

Table legend: (Time is in decaauts)
 A = Elapsed time spent in this place.
 B = Non-inter-level travel time spent in this place.
 C = Inter-level travel time spent in this place.
 D = Time resting spent in this place.
 E = Time spent auto-exploring this place.
 F = Levels seen in this place.
 G = Mean time per level.
                   A        B        C        D        E       F      G
               +--------+--------+--------+--------+--------+-----+--------+
         Total |   3806 |   3666 |    140 |    814 |   2036 |   4 |  951.5 |
       Dungeon |   3806 |   3666 |    140 |    814 |   2036 |   4 |  951.5 |
               +--------+--------+--------+--------+--------+-----+--------+

Top non-repeatable levels by time:
     D:2: 1714 daAuts
     D:1: 1293 daAuts
     D:3: 777 daAuts
     D:4: 21 daAuts
